 Dungeon Crawl Stone Soup version 0.28-a0-1199-gef9e1dbd39 (webtiles) character file.

Game seed: 11237496048565803028

316 SmokeWeed the Sneak (level 6, 0/33 HPs)
             Began as a Kobold Conjurer on Dec 20, 2021.
             Was an Initiate of Makhleb.
             Succumbed to a water moccasin's poison
             ... on level 4 of the Dungeon.
             The game lasted 00:10:13 (3122 turns).

SmokeWeed the Sneak (Kobold Conjurer)               Turns: 3122, Time: 00:10:13

Health: 0/33       AC:  2    Str:  4    XL:     6   Next: 73%
Magic:  10/10      EV: 15    Int: 22    God:    Makhleb [......]
Gold:   141        SH:  0    Dex: 13    Spells: 5/11 levels left

rFire   . . .      SeeInvis .   f - +3 dagger (venom)
rCold   . . .      Faith    .   (shield restricted)
rNeg    . . .      Spirit   .   a - +0 robe
rPois   .          Reflect  .   (no helmet)
rElec   .          Harm     .   (no cloak)
rCorr   .          Rampage  .   (no gloves)
Will    .....                   (no boots)
Stlth   ++++......              (no amulet)
HPRegen 0.11/turn               (no ring)
MPRegen 0.12/turn               (no ring)

@: lethally poisoned (0 -> -1)
A: small, no large weapons, nightstalker 3
a: Renounce Religion


You were on level 4 of the Dungeon.
You worshipped Makhleb.
Makhleb was noncommittal.
You visited 2 branches of the dungeon, and saw 5 of its levels.

You collected 141 gold pieces.

Inventory:

Hand Weapons
 f - a +3 dagger of venom (weapon)
Armour
 a - a +0 robe (worn)
Jewellery
 h - a +4 ring of evasion
Wands
 d - a wand of iceblast (10)
Scrolls
 b - 2 scrolls of immolation
 c - a scroll of enchant weapon
 e - 3 scrolls of teleportation
Potions
 g - a potion of attraction
 j - a potion of flight
 l - a potion of curing
 n - a potion of cancellation


   Skills:
 + Level 0.8 Fighting
 + Level 1.6 Short Blades
 * Level 3.3 Dodging
 + Level 5.5 Stealth
 * Level 3.3 Spellcasting
 + Level 5.0 Conjurations
 * Level 1.9 Summonings


You had 5 spell levels left.
You knew the following spells:

 Your Spells              Type           Power      Damage    Failure   Level
a - Magic Dart            Conj           100%       1d8       1%          1
b - Searing Ray           Conj           50%        2d6       2%          2
c - Call Canine Familiar  Summ           12%        N/A       17%         3

Your spell library contained the following spells:

 Spells                   Type           Power      Damage    Failure   Level
 Summon Small Mammal      Summ           48%        N/A       5%          1
 Dazzling Flash           Conj/Hex       28%        N/A       13%         3
 Summon Guardian Golem    Hex/Summ       7%         N/A       24%         3
 Fulminant Prism          Conj/Hex       7%         3d7       41%         4
 Iskenderun's Mystic Bla  Conj/Tloc      14%        2d5       41%         4
 Passage of Golubria      Tloc           3%         N/A       77%         4
 Silence                  Hex/Air        1%         N/A       98%         5
 Lehudib's Crystal Spear  Conj/Erth      7%         10d3      100%        8


Dungeon Overview and Level Annotations

Branches:
Dungeon (4/15)             Temple (1/1) D:4

Altars:
Dithmenos
Gozag
Kikubaaqudgha
Makhleb
Okawaru
Ru
Vehumet
Yredelemnul

Shops:
D:1 :


Innate Abilities, Weirdness & Mutations

You are small and have problems with some larger weapons.
You are completely attuned to the shadows.


Message History

The magic dart hits the bullfrog.
The bullfrog is almost dead.
The bullfrog hits you.
Aiming: Magic Dart (safe; 1% risk of failure)
Press: ? - help, Q - select action, (/) - cycle Shift-Dir - straight line, f/p - bullfrog
Aim: a bullfrog (almost dead, 100% to hit)
The magic dart hits the bullfrog!
You kill the bullfrog!
Makhleb accepts your kill.
Your Conjurations skill increases to level 5!
You start resting.
Magic restored.
You start resting.
A water moccasin comes into view.
Found a manual of Crossbows.
You closely miss the water moccasin.
The water moccasin hisses angrily.
You hear a bark!
The water moccasin bites you. x2
You are poisoned.
The water moccasin poisons you!
A hound comes into view.
You feel very sick. The hound closely misses you.
You feel very sick. The hound misses you.
You feel sick.
You feel sick. The hound bites you.
Found 5 stones.
You feel sick.
You feel sick. The hound bites you.
* * * LOW HITPOINT WARNING * * *
A scorpion and a skeleton come into view.
You feel sick.
A goblin comes into view. It is wielding a +0 club.
The scorpion moves out of view.
You see here a manual of Crossbows.
An iguana comes into view.
You feel sick. The hound misses you.
You feel sick. The iguana bites you.
* * * LOW HITPOINT WARNING * * *
You die...

.. #(#### #.
#..... ...
#...###.#
##..#@.l#
##.S###.##
####..#.#h#.#
#.#
#.(.S###g###.#
#.#
#...#.#.#.#
#.# #.#
+...#..###g#
#. #.#
#..†#...#...#
#.# #...Z###.#
#. #.#
#...$.÷....
#<#


You could see an iguana.

Vanquished Creatures
  Grinder (D:3)
  A bullfrog (D:4)
  A worm (D:2)
  A dart slug (D:2)
  An orc (D:3)
  5 endoplasms
  A giant cockroach (D:2)
  5 goblins
  5 hobgoblins
  8 jackals
  2 quokkas
  6 ball pythons
  6 bats
  A frilled lizard (D:1)
  9 kobolds
  6 rats
59 creatures vanquished.

Notes
Turn   | Place    | Note
-------+----------+-------------------------------------------
     0 | D:1      | SmokeWeed the Kobold Conjurer began the quest for the Orb.
     0 | D:1      | Reached XP level 1. HP: 10/10 MP: 3/3
   176 | D:1      | Found a faded altar of an unknown god.
   204 | D:1      | Found Paoq's Book Boutique.
   297 | D:1      | Reached XP level 2. HP: 15/15 MP: 0/5
   743 | D:1      | Learned a level 2 spell: Searing Ray
  1219 | D:2      | Reached XP level 3. HP: 19/19 MP: 6/6
  1651 | D:2      | Learned a level 3 spell: Call Canine Familiar
  1816 | D:2      | Reached XP level 4. HP: 24/24 MP: 4/7
  2206 | D:3      | Noticed Grinder
  2236 | D:3      | Paralysed by Grinder for 2 turns
  2415 | D:3      | Paralysed by Grinder for 2 turns
  2430 | D:3      | Killed Grinder
  2431 | D:3      | Reached skill level 1 in Short Blades
  2431 | D:3      | Reached skill level 5 in Stealth
  2431 | D:3      | Reached skill level 1 in Summonings
  2431 | D:3      | Reached XP level 5. HP: 18/28 MP: 1/9
  2431 | D:3      | Reached XP level 6. HP: 21/33 MP: 1/10
  2799 | D:3      | Found a shadowy altar of Dithmenos.
  2884 | D:4      | Found a staircase to the Ecumenical Temple.
  2905 | Temple   | Entered the Ecumenical Temple
  2946 | Temple   | Became a worshipper of Makhleb the Destroyer
  2991 | D:4      | Reached skill level 5 in Conjurations
  3107 | D:4      | Noticed a water moccasin
  3121 | D:4      | HP: 1/33 [iguana (3)]
  3122 | D:4      | Succumbed to a water moccasin's poison

Illustrated notes

Levels and vault maps discovered:
D:1:      lightli_arrival_quake, layout_rooms, ebering_ecumenical_altar_rust,
          serial_shops, shop, chequers_serial_rivers_micro_b
D:2:      layout_basic, minmay_tromino_mix6
D:3:      layout_basic, marbit_many_paths, uniq_grinder
D:4:      layout_basic, temple_fountains, minmay_manual_mail, uniq_natasha
Temple:   cyrus_temple_forest

Skill      XL: |  1  2  3  4  5  6 |
---------------+-------------------+-----
Stealth        | 3 5 |  5.5
Short Blades   | 1 |  1.6
Dodging        | 3 |  3.3
Spellcasting   | 3 |  3.3
Summonings     | 1 |  1.9
Conjurations   | 5 |  5.0
Fighting       | |  0.8

Action                   |  1- 3 |  4- 6 || total
-------------------------+-------+-------++-------
Melee: Dagger            |    53 |    22 ||    75
       Unarmed           |     2 |       ||     2
 Cast: Magic Dart        |    34 |    21 ||    55
       Searing Ray       |     2 |     4 ||     6
  Use: Potion            |       |     1 ||     1
       Scroll            |       |     9 ||     9
 Stab: Sleeping          |    10 |     6 ||    16
Armor: Robe              |     8 |     1 ||     9
Dodge: Dodged            |    43 |    29 ||    72

Table legend: (Time is in decaauts)
 A = Elapsed time spent in this place.
 B = Non-inter-level travel time spent in this place.
 C = Inter-level travel time spent in this place.
 D = Time resting spent in this place.
 E = Time spent auto-exploring this place.
 F = Levels seen in this place.
 G = Mean time per level.
                   A        B        C        D        E       F      G
               +--------+--------+--------+--------+--------+-----+--------+
         Total |   3120 |   3118 |      2 |    196 |   2315 |   5 |  624.0 |
       Dungeon |   3048 |   3046 |      2 |    196 |   2304 |   4 |  762.0 |
        Temple |     71 |     71 |      0 |      0 |     11 |   1 |   71.0 |
               +--------+--------+--------+--------+--------+-----+--------+

Top non-repeatable levels by time:
     D:2: 1278 daAuts
     D:3: 844 daAuts
     D:1: 753 daAuts
     D:4: 171 daAuts
  Temple: 71 daAuts
